 Dungeon Crawl Stone Soup version 0.27-a0-906-g0a00ce8 (webtiles) character file.

Game seed: 6777511201270070938

20369 Nithhogg the Fighter (level 12, -13/100 HPs)
             Began as a Demonspawn Fighter on Apr 7, 2021.
             Was a Believer of Makhleb.
             Mangled by a titanic slime creature (31 damage)
             ... on level 13 of the Dungeon.
             The game lasted 00:23:36 (16353 turns).

Nithhogg the Fighter (Demonspawn Fighter)          Turns: 16353, Time: 00:23:36

Health: -13/100    AC: 27    Str: 22    XL:     12   Next: 44%
Magic:  16/16      EV: 12    Int: 16    God:    Makhleb [**....]
Gold:   747        SH: 18    Dex: 20    Spells: 11/11 levels left

rFire    . . .     SeeInvis +   p - +9 falchion "Orb Guardian's Foe" {protect, Int+5}
rCold    x . .     Faith    +   A - +1 tower shield
rNeg     + . .     Spirit   .   b - +0 scale mail
rPois    +         Reflect  .   e - +1 helmet
rElec    .         Harm     .   J - +2 cloak {rPois}
rCorr    .         Rampage  .   (no gloves)
Will     .....     Clarity  +   u - +2 pair of boots
Stlth    +.........             t - amulet of faith
HPRegen  0.26/turn              G - ring of flight
MPRegen  0.15/turn              f - ring "Rimach" {rC- rN+ Dex+7 SInv}

@: protection aura, flying
A: claws 2, slimy green scales 2, ignite blood 2, clarity, strong 1, wild magic
1, sturdy frame 1
a: Renounce Religion, Minor Destruction


You were on level 13 of the Dungeon.
You worshipped Makhleb.
Makhleb was pleased with you.
You visited 2 branches of the dungeon, and saw 14 of its levels.
You also visited: Gauntlet.

You collected 1808 gold pieces.
You spent 1061 gold pieces at shops.

Inventory:

Hand Weapons
 p - the +9 falchion "Orb Guardian's Foe" (weapon) {protect, Int+5}
   (You found it on level 5 of the Dungeon)

   It grants its wielder temporary protection when it strikes (+7 to AC).
   It affects your intelligence (+5).
Missiles
 D - 2 throwing nets
Armour
 b - a +0 scale mail (worn)
 c - a +0 kite shield
 e - a +1 helmet (worn)
 u - a +2 pair of boots (worn)
 A - a +1 tower shield (worn)
 J - a +2 cloak of poison resistance (worn)
Jewellery
 f - the ring "Rimach" (right claw) {rC- rN+ Dex+7 SInv}
   (You found it in a Gauntlet)

   [ring of positive energy]

   It affects your dexterity (+7).
   It makes you vulnerable to cold.
   It protects you from negative energy.
   It lets you see invisible.
 t - an amulet of faith (around neck)
 B - a ring of ice
 G - a ring of flight (left claw)
Wands
 v - a wand of charming (10)
 w - a wand of digging (9)
 C - a wand of flame (20)
Scrolls
 a - 3 scrolls of identify
 d - a scroll of immolation
 g - a scroll of silence
 j - 2 scrolls of acquirement
 k - a scroll of vulnerability
 m - 5 scrolls of teleportation
 n - 2 scrolls of brand weapon
 o - 2 scrolls of magic mapping
 q - 2 scrolls of fear
 r - 4 scrolls of noise
 s - a scroll of enchant weapon
 x - 2 scrolls of enchant armour
 y - a scroll of amnesia
 F - 2 scrolls of fog
Potions
 h - 2 potions of brilliance
 i - 3 potions of attraction
 l - a potion of ambrosia {unknown}
 z - 2 potions of curing
 E - 2 potions of haste
Miscellaneous
 H - a tin of tremorstones (2/2)


   Skills:
 + Level 11.0 Fighting
 + Level 9.9 Long Blades
 + Level 8.1 Armour
 + Level 7.3 Dodging
 + Level 8.0 Shields
 + Level 5.4 Invocations


You had 11 spell levels left.
You didn't know any spells.
Your spell library contained the following spells:

 Spells                   Type           Power      Damage    Failure   Level
 Animate Skeleton         Necr           0%         N/A       99%         1
 Apportation              Tloc           0%         N/A       99%         1
 Corona                   Hex            0%         N/A       99%         1
 Magic Dart               Conj           0%         1d3       99%         1
 Pain                     Necr           0%         1d4       99%         1
 Blink                    Tloc           N/A        N/A       100%        2
 Call Imp                 Summ           0%         N/A       100%        2
 Searing Ray              Conj           0%         3d3       100%        2
 Slow                     Hex            0%         N/A       100%        2
 Confusing Touch          Hex            0%         N/A       100%        3
 Conjure Flame            Conj/Fire      0%         6-21      100%        3
 Dazzling Flash           Conj/Hex       0%         N/A       100%        3
 Gell's Gravitas          Tloc           0%         N/A       100%        3
 Inner Flame              Hex/Fire       0%         N/A       100%        3
 Lesser Beckoning         Tloc           0%         N/A       100%        3
 Mephitic Cloud           Conj/Pois/Air  0%         N/A       100%        3
 Portal Projectile        Hex/Tloc       0%         N/A       100%        3
 Teleport Other           Tloc           0%         N/A       100%        3
 Tukima's Dance           Hex            0%         N/A       100%        3
 Vampiric Draining        Necr           0%         2d6       100%        3
 Animate Dead             Necr           0%         N/A       100%        4
 Cause Fear               Hex            0%         N/A       100%        4
 Fulminant Prism          Conj/Hex       0%         3d6       100%        4
 Iskenderun's Mystic Bla  Conj/Tloc      0%         2d3       100%        4
 Leda's Liquefaction      Hex/Erth       0%         N/A       100%        4
 Petrify                  Tmut/Erth      0%         N/A       100%        4
 Agony                    Necr           0%         N/A       100%        5
 Alistair's Intoxication  Tmut/Pois      0%         N/A       100%        5
 Borgnjor's Vile Clutch   Necr/Erth      0%         N/A       100%        5
 Irradiate                Conj/Tmut      0%         3d13      100%        5
 Manifold Assault         Tloc           0%         N/A       100%        5
 Metabolic Englaciation   Hex/Ice        0%         N/A       100%        5
 Yara's Violent Unravell  Hex/Tmut       0%         3d3       100%        5
 Blade Hands              Tmut           0%         N/A       100%        6
 Death Channel            Necr           0%         N/A       100%        6
 Invisibility             Hex            0%         N/A       100%        6
 Simulacrum               Ice/Necr       0%         N/A       100%        6
 Statue Form              Tmut/Erth      0%         N/A       100%        6
 Dragon Form              Tmut           0%         N/A       100%        7
 Borgnjor's Revivificati  Necr           0%         N/A       100%        8
 Infestation              Necr           0%         N/A       100%        8
 Necromutation            Tmut/Necr      0%         N/A       100%        8
 Death's Door             Necr           0%         N/A       100%        9


Dungeon Overview and Level Annotations

Branches:
Dungeon (13/15)            Temple (1/1) D:7            Lair (0/6) D:10
    Orc (0/2) D:9         Gauntlet (visited)
 Vaults: D:13-14

Altars:
Ashenzari
Cheibriados
Dithmenos
Elyvilon
Fedhas
Gozag
Hepliaklqana
Kikubaaqudgha
Makhleb
Nemelex Xobeh
Okawaru
Qazlal
Ru
Sif Muna
Trog
Uskayaw
Vehumet
Wu Jian
Xom
Yredelemnul
Zin
The Shining One
Beogh

Shops:
D:5 *[   D:7 ?*   D:9 *   D:12 !

Annotations:
D:10 exclusion: oklob plant
D:12 exclusion: statue


Innate Abilities, Weirdness & Mutations

You have very sharp fingernails.
You are mostly covered in slimy green scales. (AC +3)
Your demonic aura often causes spilled blood to erupt in flames You possess an exceptional clarity of mind.
Your muscles are strong. (Str +2)
Your spells are a little harder to cast, but a little more powerful.
Your movements are slightly less encumbered by armour. (ER -2)


Message History

You slash the slime creature!
Your weapon exudes an aura of protection.
The slime creature is lightly wounded.
The slime creature hits you but does no damage.
You slash the slime creature!
The slime creature is moderately wounded.
The slime creature closely misses you.
You slash the slime creature!
The slime creature is heavily wounded.
The slime creature hits you but does no damage.
Two slime creatures merge to form a titanic slime creature.
You slash the titanic slime creature!
The titanic slime creature is moderately wounded.
You block the titanic slime creature's attack.
You slice the titanic slime creature!!
The titanic slime creature is heavily wounded.
You block the titanic slime creature's attack.
You slash the titanic slime creature!
The titanic slime creature is heavily wounded.
The titanic slime creature hits you but does no damage.
You slice the titanic slime creature!!
The titanic slime creature is heavily wounded.
The titanic slime creature barely misses you.
You riposte.
You slash the titanic slime creature!
The titanic slime creature is heavily wounded.
You hit the titanic slime creature.
The titanic slime creature is heavily wounded.
You block the titanic slime creature's attack.
You slash the titanic slime creature!
The titanic slime creature is severely wounded.
You block the titanic slime creature's attack.
You slash the titanic slime creature!
The titanic slime creature is severely wounded.
The titanic slime creature hits you!!!
* * * LOW HITPOINT WARNING * * *
You slash the titanic slime creature!
The titanic slime creature is severely wounded.
You block the titanic slime creature's attack.
The titanic slime creature hits you!!
You die...

.. ########## #.. ..........
#.# .........( ... .........
#.# #........ #####
#.#############........
#....#
#.#..J@................
#...##...###########........
#......### #........
#.?.#.## #........ #...).#
###.##### #...#.# ##.#
#.....# #..# #.(.#...# ##
#.## #####...... ... #.#


You could see a titanic slime creature.

Vanquished Creatures
  A minotaur (Gauntlet)
  3 hydras
  An anaconda (shapeshifter) (Gauntlet)
  4 two-headed ogres
  Nergalle (D:9)
  A glowing orange brain (shapeshifter) (Gauntlet)
  A deep elf pyromancer (D:12)
  A cyclops (D:12)
  An ugly thing (D:11)
  A manticore (D:11)
  An apocalypse crab (Gauntlet)
  A kobold demonologist (D:10)
  2 gargoyles
  An unseen horror (D:12)
  A queen bee (Gauntlet)
  4 trolls
  Prince Ribbit (D:4)
  2 shadows
  A wraith (D:13)
  4 wyverns
  6 vampire mosquitoes (D:12)
  Duvessa (D:4)
  A water moccasin (D:6)
  A sky beast (D:6)
  3 ice beasts
  13 orc warriors
  3 ogres
  A black bear (D:7)
  A necrophage (D:5)
  A phantom (D:6)
  12 centaurs
  A kobold brigand (D:8)
  Blork the orc (D:4)
  5 bullfrogs
  2 scorpions
  Dowan (D:4)
  A water moccasin skeleton (D:7)
  9 killer bees
  5 howler monkeys
  3 centaur zombies
  4 hounds
  A bullfrog skeleton (D:5)
  18 orc priests
  2 gnoll shamans (D:9)
  A scorpion zombie (D:5)
  2 iguanas
  30 orc wizards
  A killer bee zombie (D:7)
  2 hound skeletons
  2 howler monkey zombies
  13 gnolls
  4 adders
  2 white imps
  A worm (D:5)
  5 dart slugs
  83 orcs
  4 bats
  10 endoplasms
  3 giant cockroaches
  7 hobgoblins
  7 jackals (D:3)
  2 quokkas
  9 ball pythons
  5 frilled lizards
  8 goblins
  14 kobolds
  7 rats
351 creatures vanquished.

Vanquished Creatures (others)
  4 demonic plants (Gauntlet)
4 creatures vanquished.

Grand Total: 355 creatures vanquished

Notes
Turn   | Place    | Note
-------+----------+-------------------------------------------
     0 | D:1      | Nithhogg the Demonspawn Fighter began the quest for the
                  | Orb.
     0 | D:1      | Reached XP level 1. HP: 18/18 MP: 1/1
   370 | D:1      | Gained mutation: You are partially covered in slimy green
                  | scales. (AC +2) [demonic ancestry]
   370 | D:1      | Reached XP level 2. HP: 24/24 MP: 2/2
   394 | D:1      | Found a faded altar of an unknown god.
  1558 | D:2      | Gained mutation: Your demonic aura sometimes causes spilled
                  | blood to erupt in flames [demonic ancestry]
  1558 | D:2      | Reached XP level 3. HP: 27/29 MP: 3/3
  1559 | D:2      | Identified 2 scrolls of acquirement
  1559 | D:2      | Acquired 1124 gold pieces
  1931 | D:2      | Found a stormy altar of Qazlal.
  2289 | D:2      | Reached XP level 4. HP: 36/36 MP: 4/4
  2625 | D:3      | Reached skill level 1 in Dodging
  3303 | D:4      | Noticed Dowan
  3305 | D:4      | Noticed Duvessa
  3313 | D:4      | Killed Duvessa
  3314 | D:4      | Reached skill level 4 in Fighting
  3314 | D:4      | Gained mutation: You have sharp fingernails. [demonic
                  | ancestry]
  3314 | D:4      | Reached XP level 5. HP: 40/42 MP: 5/5
  3318 | D:4      | Killed Dowan
  3319 | D:4      | Reached XP level 6. HP: 46/49 MP: 6/6
  3972 | D:4      | Noticed Blork the orc
  3989 | D:4      | Killed Blork the orc
  3990 | D:4      | Gained mutation: You are mostly covered in slimy green
                  | scales. (AC +3) [demonic ancestry]
  3990 | D:4      | Reached XP level 7. HP: 13/55 MP: 7/7
  4348 | D:5      | Entered Level 5 of the Dungeon
  4348 | D:5      | Noticed Prince Ribbit
  4378 | D:4      | Killed Prince Ribbit
  4379 | D:4      | Reached skill level 5 in Fighting
  4778 | D:5      | Found Jirhe's Assorted Antiques.
  4792 | D:5      | Identified the +9 falchion "Orb Guardian's Foe" {protect,
                  | Int+5}
  4860 | D:5      | Gained mutation: You have very sharp fingernails. [demonic
                  | ancestry]
  4860 | D:5      | Reached XP level 8. HP: 37/64 MP: 8/8
  5030 | D:5      | Reached skill level 5 in Long Blades
  5078 | D:5      | Found Sesujem's Antique Armour Boutique.
  5153 | D:5      | Reached skill level 6 in Fighting
  5484 | D:6      | Found a runed translucent door.
  6073 | D:6      | Reached skill level 7 in Fighting
  6073 | D:6      | Gained mutation: Your demonic aura often causes spilled
                  | blood to erupt in flames [demonic ancestry]
  6073 | D:6      | Reached XP level 9. HP: 72/72 MP: 9/9
  6124 | D:6      | Reached skill level 5 in Armour
  6352 | D:6      | Reached skill level 5 in Shields
  6647 | D:7      | Found Eceudec's General Store.
  6772 | D:7      | Found a staircase to the Ecumenical Temple.
  6812 | Temple   | Entered the Ecumenical Temple
  7233 | D:7      | Found Ynnuity's Magic Scroll Boutique.
  7238 | D:7      | Bought a scroll of acquirement for 676 gold pieces
  7585 | D:8      | Reached skill level 8 in Fighting
  7969 | D:8      | Identified the +2 ring mail "Mologh" {rC+ Regen+ Str-5}
  8414 | D:8      | Reached XP level 10. HP: 75/81 MP: 10/10
  8635 | D:9      | Found Dudoups's Assorted Antiques.
  9002 | D:9      | Reached skill level 5 in Dodging
  9249 | D:9      | Found a burning altar of Makhleb.
  9257 | D:9      | Became a worshipper of Makhleb the Destroyer
 10392 | D:9      | Found a staircase to the Orcish Mines.
 10411 | D:9      | Reached skill level 9 in Fighting
 10860 | D:10     | Entered Level 10 of the Dungeon
 10926 | D:10     | Noticed a two-headed ogre
 10927 | D:10     | Noticed Nergalle
 11426 | D:8      | Gained mutation: You possess an exceptional clarity of
                  | mind. [potion of mutation]
 11426 | D:8      | Gained mutation: Your movements are slightly less
                  | encumbered by armour. (ER -2) [potion of mutation]
 11426 | D:8      | Gained mutation: Your muscles are strong. (Str +2) [potion
                  | of mutation]
 11426 | D:8      | Gained mutation: Your spells are a little harder to cast,
                  | but a little more powerful. [potion of mutation]
 11557 | D:9      | Killed a two-headed ogre
 11571 | D:9      | Killed Nergalle
 11702 | D:10     | Noticed an oklob plant
 11738 | D:10     | Reached * piety under Makhleb
 11891 | D:10     | Found a staircase to the Lair.
 11937 | D:10     | HP: 3/84 [acid (14)]
 12726 | D:11     | Noticed a green ugly thing
 12732 | D:11     | Killed a green ugly thing
 12733 | D:11     | Reached XP level 11. HP: 62/90 MP: 11/11
 13397 | D:11     | Reached skill level 10 in Fighting
 13552 | D:11     | Noticed a five-headed hydra
 13561 | D:11     | Killed a ten-headed hydra
 13977 | D:11     | Found a shimmering blue altar of Sif Muna.
 14239 | D:12     | Reached skill level 1 in Invocations
 14272 | D:12     | Noticed a two-headed ogre
 14283 | D:12     | Killed a two-headed ogre
 14350 | D:12     | Found Toamih's Distillery.
 14363 | D:12     | Found a gate leading to a gauntlet.
 14383 | D:12     | Bought a potion of berserk rage for 55 gold pieces
 14383 | D:12     | Bought a potion of heal wounds for 55 gold pieces
 14383 | D:12     | Bought 2 potions of haste for 220 gold pieces
 14383 | D:12     | Bought a potion of heal wounds for 55 gold pieces
 14399 | Gauntlet | Entered a Gauntlet
 14399 | Gauntlet | Found a transporter.
 14399 | Gauntlet | Found a transporter.
 14399 | Gauntlet | Found a transporter.
 14410 | Gauntlet | Found a transporter.
 14412 | Gauntlet | Found a transporter.
 14420 | Gauntlet | Found a transporter.
 14423 | Gauntlet | Found a transporter.
 14428 | Gauntlet | Noticed a dire elephant
 14431 | Gauntlet | Found a transporter.
 14449 | Gauntlet | Found a transporter.
 14454 | Gauntlet | Found a transporter.
 14457 | Gauntlet | Found a transporter.
 14464 | Gauntlet | Noticed a fire crab
 14514 | Gauntlet | Found a transporter.
 14729 | Gauntlet | Noticed a glowing orange brain
 14741 | Gauntlet | Noticed an anaconda
 14751 | Gauntlet | Killed an anaconda
 14754 | Gauntlet | Killed a glowing orange brain
 15065 | Gauntlet | Identified the ring "Rimach" {rC- rN+ Dex+7 SInv}
 15150 | Gauntlet | Noticed a minotaur
 15168 | Gauntlet | Killed a minotaur
 15344 | D:12     | Reached ** piety under Makhleb
 15373 | D:12     | Reached XP level 12. HP: 85/99 MP: 14/14
 15406 | D:12     | Noticed a six-headed hydra
 15413 | D:12     | Killed a nine-headed hydra
 15477 | D:12     | Noticed a two-headed ogre
 15485 | D:12     | Killed a two-headed ogre
 15516 | D:12     | Found a radiant altar of Vehumet.
 16027 | D:13     | Noticed a six-headed hydra
 16037 | D:13     | Killed a 13-headed hydra
 16038 | D:13     | Reached skill level 11 in Fighting
 16038 | D:13     | Reached skill level 5 in Invocations
 16263 | D:13     | Noticed a two-headed ogre
 16275 | D:13     | Killed a two-headed ogre
 16353 | D:13     | Mangled by a titanic slime creature

Illustrated notes

Levels and vault maps discovered:
D:1:      amcnicky_arrival_underground_garden, layout_loops_corners,
          basic_ecumenical_altar, supply_closet_lemuel, minmay_misc_feat_hallway
D:2:      layout_loops_ring, basic_altar, fountainhead, minmay_heptomino_o4
D:3:      layout_rooms, minmay_fountain_box, skrybe_limestone_x
D:4:      layout_rooms, uniq_duvessa, uniq_blork_the_orc
D:5:      cheibrodos_iron_armory, layout_rooms, serial_shops,
          nicolae_shop_competitors_out_of_business, shop, uniq_prince_ribbit1
D:6:      layout_loops_ring, lightli_church_of_beogh
D:7:      layout_basic, minmay_temple_entry_gardened_gates, serial_shops, shop,
          shop_fountains, chequers_serial_rivers_micro_c
D:8:      layout_basic
D:9:      layout_stronghold, grunt_temple_overflow_open,
          minmay_orc_entry_temple_small, serial_shops,
          nicolae_shop_overgrown_old_shop
D:10:     layout_rooms, dpeg_oklobed_lair, uniq_nergalle
D:11:     layout_small_grid, kennysheep_orc_sif_temple
D:12:     layout_loops_ring, gauntlet_entry_generic, serial_shops,
          nicolae_shop_waterfront, vehumet_statue
D:13:     layout_rooms, lightli_vaults_fourway_checkpoint,
          nicolae_trove_entry_columns, minmay_rotating_lava
Temple:   regret_index_temple_chain_breaker

Skill      XL: |  1  2  3  4  5  6  7  8  9 10 11 12 |
---------------+-------------------------------------+-----
Long Blades    | 2 3 4 5 7 8 9 |  9.9
Armour         | 3 4 5 6 7 8 |  8.1
Shields        | 3 4 5 6 7 8 |  8.0
Dodging        | 1 2 3 4 5 6 7 |  7.3
Fighting       | 4 5 7 8 9 10 11 | 11.0
Invocations    | 3 5 |  5.4

Action                   |  1- 3 |  4- 6 |  7- 9 | 10-12 || total
-------------------------+-------+-------+-------+-------++-------
Melee: Long sword        |   104 |   131 |       |       ||   235
       Falchion          |       |    83 |   349 |   520 ||   952
Invok: Minor Destruction |       |       |       |     2 ||     2
Evoke: Wand              |       |       |       |    16 ||    16
  Use: Scroll            |     3 |       |       |    17 ||    20
       Potion            |       |     1 |     2 |     8 ||    11
Armor: Scale mail        |    62 |   143 |   205 |   410 ||   820
Dodge: Dodged            |    40 |    82 |    95 |   184 ||   401
Block: Kite shield       |    60 |   114 |   157 |       ||   331
       Tower shield      |       |       |    31 |   597 ||   628
       Rpst.: Long sword |    16 |    17 |       |       ||    33
       Falchion          |       |     5 |    28 |    43 ||    76

Table legend: (Time is in decaauts)
 A = Elapsed time spent in this place.
 B = Non-inter-level travel time spent in this place.
 C = Inter-level travel time spent in this place.
 D = Time resting spent in this place.
 E = Time spent auto-exploring this place.
 F = Levels seen in this place.
 G = Mean time per level.
                   A        B        C        D        E       F      G
               +--------+--------+--------+--------+--------+-----+--------+
         Total |  16709 |  16241 |    468 |   3369 |   9973 |  15 | 1113.9 |
       Dungeon |  15624 |  15157 |    467 |   2935 |   9483 |  13 | 1201.8 |
        Temple |    151 |    151 |      0 |      0 |    137 |   1 |  151.0 |
      Gauntlet |    933 |    933 |      0 |    434 |    353 |   1 |  933.0 |
               +--------+--------+--------+--------+--------+-----+--------+

Top non-repeatable levels by time:
     D:8: 2062 daAuts
     D:9: 1922 daAuts
     D:1: 1564 daAuts
    D:11: 1528 daAuts
     D:4: 1419 daAuts
    D:10: 1246 daAuts
     D:6: 1113 daAuts
Gauntlet: 933 daAuts
     D:2: 933 daAuts
     D:5: 901 daAuts
    D:12: 879 daAuts
     D:7: 872 daAuts
     D:3: 837 daAuts
    D:13: 344 daAuts
  Temple: 151 daAuts
